 Dungeon Crawl Stone Soup version 0.31-a0-963-ga325b2283a (webtiles) character file.

Game seed: 2429977299478826179

2128 Armakuni the Prestidigitator (level 9, -8/68 HPs)
             Began as a Human Wanderer on Oct 25, 2023.
             Was an Initiate of Gozag.
             Killed by divine providence
             ... invoked by Jeremiah
              (13 damage)
             ... on level 7 of the Dungeon.
             The game lasted 00:19:48 (7950 turns).

Armakuni the Prestidigitator (Human Wanderer)       Turns: 7950, Time: 00:19:49

Health: -8/68      AC: 10    Str: 20    XL:     9   Next: 55%
Magic:  9/9        EV: 12    Int:  8    God:    Gozag
Gold:   526        SH:  0    Dex: 14    Spells: 8/8 levels left

rFire   . . .        a - +2 mace of Dotam Civ {venom, Will+ SInv}
rCold   . . .        (no shield)
rNeg    . . .        A - +3 leather armour {Will+}
rPois   .            (helmet restricted)
rElec   .            y - +0 cloak
rCorr   .            g - +0 pair of gloves
SInv    +            z - +0 pair of boots
Will    +++..        M - amulet of magic regeneration
Stlth   +            (no ring)
HPRegen 0.31/turn    (no ring)
MPRegen 0.51/turn

%: no passive effects
@: no status effects
A: horns 1, strong-willed 1, shaggy fur 1, wild magic 1, MP-powered wands
a: Renounce Religion, Potion Petition, Call Merchant, Bribe Branch


You were on level 7 of the Dungeon.
You worshipped Gozag.
Gozag was pleased with you.
You visited 2 branches of the dungeon, and saw 8 of its levels.
You also visited: Ossuary.

You collected 631 gold pieces.
You paid 105 gold pieces to Gozag.

Inventory:

Hand Weapons
 a - the +2 mace of Dotam Civ (weapon) {venom, Will+ SInv}
   (You found it on level 4 of the Dungeon)

   Will+:     It increases your willpower.
   SInv:      It lets you see invisible.
 b - the +6 sling of Agony {freeze, rPois Str-4 Int-2 Dex+8}
   (You found it on level 6 of the Dungeon)

   Str-4:     It affects your strength (-4).
   Int-2:     It affects your intelligence (-2).
   Dex+8:     It affects your dexterity (+8).
   rPois:     It protects you from poison
Missiles
 m - 4 atropa-tipped darts
 p - 6 poisoned darts
 r - 4 datura-tipped darts
 v - 5 darts of dispersal
Armour
 g - a +0 pair of gloves (worn)
 y - a +0 cloak (worn)
 z - a +0 pair of boots (worn)
 A - a +3 leather armour of willpower (worn)
 G - a +0 helmet
Jewellery
 M - an amulet of magic regeneration (around neck)
 U - an amulet of faith
Talismans
 k - a beast talisman
 B - a talisman of death
Wands
 j - a wand of iceblast (8)
Scrolls
 e - a scroll of summoning
 i - 6 scrolls of teleportation
 n - 4 scrolls of noise
 u - a scroll of revelation
 w - 2 scrolls of vulnerability
 x - 2 scrolls of fear
 C - 2 scrolls of immolation
 D - a scroll of blinking
 F - a scroll of enchant armour
Potions
 c - a potion of magic
 d - a potion of haste
 f - 2 potions of mutation
 h - a potion of resistance
 l - a potion of cancellation {unknown}
 o - a potion of brilliance {unknown}
 q - 3 potions of heal wounds
 s - 5 potions of curing
 t - 2 potions of might {unknown}
 E - a potion of invisibility {unknown}


   Skills:
 - Level 5.0 Fighting
 - Level 6.0 Maces & Flails
 + Level 3.2 Armour
 + Level 3.2 Dodging
 - Level 1.0 Stealth
 - Level 10.0 Evocations


You had 8 spell levels left.
You didn't know any spells.
Your spell library contained the following spells:

 Spells                   Type           Power      Damage    Failure   Level
 Sting                    Tmut/Pois      0%         1d3       54%         1
 Ensorcelled Hibernation  Hex/Ice        0%         N/A       67%         2
 Passwall                 Tmut/Erth      0%         N/A       67%         2
 Poisonous Vapours        Pois/Air       0%         N/A       67%         2
 Swiftness                Air            0%         N/A       88%         3
 Olgreb's Toxic Radiance  Pois           0%         N/A       99%         4


Dungeon Overview and Level Annotations

Branches:
Dungeon (7/15)             Temple (1/1) D:5         Ossuary (visited)

Altars:
Cheibriados
Dithmenos
Elyvilon
Fedhas
Gozag
Hepliaklqana
Kikubaaqudgha
Makhleb
Nemelex Xobeh
Okawaru
Qazlal
Sif Muna
Trog
Wu Jian
Xom
Zin
The Shining One

Annotations:
D:7 Jeremiah


Innate Abilities, Weirdness & Mutations

You have a pair of small horns on your head.
You are strong-willed. (Will+)
You are covered in fur. (AC +1)
Your spells are a little harder to cast, but a little more powerful.
You expend magic power (3 MP) to strengthen your wands.


Message History

You kill the butterfly!
The butterfly disappears in a burst of colours! x3
You miss the butterfly. Your headbutt misses the butterfly.
The butterfly disappears in a burst of colours!
Jeremiah mumbles a slurred invocation.
Something smites you!
You closely miss the butterfly. You closely miss the butterfly.
Jeremiah says, "Oh, this is an awfully strange dream."
Jeremiah throws their arms up pleadingly.
Something smites you!
You closely miss the butterfly. Your headbutt misses the butterfly.
The butterfly disappears in a burst of colours!
You sock the butterfly!
You kill the butterfly!
The butterfly disappears in a burst of colours!
You barely miss the butterfly. You headbutt the butterfly.
You kill the butterfly!
The butterfly disappears in a burst of colours! x2
You barely miss the butterfly. Your headbutt misses the butterfly.
Jeremiah throws their arms up pleadingly.
Something smites you!
* * * LOW HITPOINT WARNING * * *
Jeremiah lets out a twisted cry.
Something smites you!
* * * LOW HITPOINT WARNING * * *
The butterfly disappears in a burst of colours!
The butterfly disappears in a burst of colours!
Jeremiah gazes at their orb, transfixed.
You sock the butterfly!
You kill the butterfly!
The butterfly disappears in a burst of colours! x4
The butterfly disappears in a burst of colours!
The butterfly disappears in a burst of colours!
The butterfly disappears in a burst of colours!
Jeremiah shouts, "O dreadful one, destroy my foe!"
Something smites you!
You die...
Jeremiah says, "O terrible one, your will is done."
Your body crumbles into a pile of gold.

#...(....>.....##
#..............####
###..........#....#
##........#####..
#.<......# ###
##.##...###
.######### #..######
b.bb...bb######)##
#####b.Fb.b.b.@.#
######.....##
#####..# ###......#
###........#
##..........##
###............##
##...............###
#..............##..##


You could see Jeremiah.

Vanquished Creatures
  Sigmund (D:4)
  Menkaure (D:6)
  2 water moccasins (D:5)
  A sky beast (D:6)
  A black bear (D:5)
  An ogre (D:4)
  A phantom (D:4)
  5 bullfrogs
  2 scorpions
  Dowan (D:7)
  2 troll zombies (Ossuary)
  A killer bee (D:7)
  A howler monkey (D:6)
  A centaur zombie (Ossuary)
  3 sleepcaps
  3 iguanas
  An ogre zombie (Ossuary)
  8 mummies
  11 gnolls
  5 adders
  A shadow imp (D:7)
  3 white imps
  3 adder zombies (Ossuary)
  A worm (D:2)
  A dart slug (D:1)
  6 orcs
  7 bats
  3 endoplasms (D:1)
  A giant cockroach (D:4)
  2 gnoll zombies (Ossuary)
  10 goblins
  5 hobgoblins
  10 jackals
  2 quokkas
  3 ball pythons
  6 frilled lizards
  5 goblin zombies
  4 hobgoblin zombies (Ossuary)
  5 kobolds
  3 kobold zombies (Ossuary)
  An orc zombie (D:4)
  6 quokka zombies (Ossuary)
  5 rats
  3 rat zombies (Ossuary)
148 creatures vanquished.

Vanquished Creatures (collateral kills)
  A troll zombie (Ossuary)
1 creature vanquished.

Grand Total: 149 creatures vanquished

Notes
Turn   | Place    | Note
-------+----------+-------------------------------------------
     0 | D:1      | Armakuni the Human Wanderer began the quest for the Orb.
     0 | D:1      | Armakuni set off with the following items: a +0 club, a
                  | potion of lignification, a potion of curing, a scroll of
                  | summoning, a +0 leather armour, a wand of mindburst (19).
     0 | D:1      | Reached XP level 1. HP: 19/19 MP: 1/1
   219 | D:1      | Reached XP level 2. HP: 13/25 MP: 2/2
   710 | D:1      | Reached XP level 3. HP: 30/30 MP: 3/3
  1563 | D:2      | Reached skill level 6 in Evocations
  1564 | D:2      | Reached XP level 4. HP: 37/37 MP: 4/4
  1728 | D:2      | You fall into a shaft and drop 2 floors!
  1870 | D:4      | Noticed an ogre
  1875 | D:4      | Killed an ogre
  1876 | D:4      | Reached skill level 7 in Evocations
  1876 | D:4      | Reached XP level 5. HP: 17/42 MP: 5/5
  1912 | D:4      | Noticed a phantom
  2022 | D:4      | Found a sand-covered staircase.
  2027 | Ossuary  | Entered an ossuary
  2030 | Ossuary  | Reached XP level 6. HP: 48/48 MP: 6/6
  2079 | Ossuary  | Gained mutation: You expend magic power (3 MP) to
                  | strengthen your wands. [potion of mutation]
  2079 | Ossuary  | Gained mutation: You are strong-willed. (Will+) [potion of
                  | mutation]
  2079 | Ossuary  | Gained mutation: You have hidden genetic potential. [potion
                  | of mutation]
  2079 | Ossuary  | Gained mutation: You are covered in fur. (AC +1) [potion of
                  | mutation]
  2098 | Ossuary  | HP: 2/72 [troll zombie (4)]
  2301 | Ossuary  | Reached skill level 8 in Evocations
  2488 | Ossuary  | Reached XP level 7. HP: 50/54 MP: 7/7
  2500 | Ossuary  | Gained mutation: You have a pair of small horns on your
                  | head. [hidden potential]
  3493 | D:3      | Reached skill level 9 in Evocations
  3838 | D:3      | Found an ornate altar of the Wu Jian Council.
  3842 | D:3      | Found a bloodstained altar of Trog.
  3842 | D:3      | Found a white marble altar of Elyvilon.
  3857 | D:3      | Found a glowing silver altar of Zin.
  3861 | D:3      | Found a sparkling altar of Nemelex Xobeh.
  4542 | D:4      | Identified the +2 mace of Dotam Civ {venom, Will+ SInv}
  4764 | D:4      | Reached XP level 8. HP: 60/60 MP: 4/8
  4778 | D:4      | Gained mutation: Your spells are a little harder to cast,
                  | but a little more powerful. [hidden potential]
  4778 | D:4      | Lost mutation: You have hidden genetic potential. [hidden
                  | potential expressed]
  4878 | D:4      | Noticed Sigmund
  4893 | D:4      | Killed Sigmund
  4894 | D:4      | Reached skill level 10 in Evocations
  5032 | D:5      | Entered Level 5 of the Dungeon
  5034 | D:5      | Found a staircase to the Ecumenical Temple.
  5041 | Temple   | Entered the Ecumenical Temple
  5098 | Temple   | Became a worshipper of Gozag Ym Sagoz the Greedy
  5335 | D:5      | Reached skill level 1 in Armour
  5335 | D:5      | Reached skill level 1 in Dodging
  6349 | D:6      | Reached XP level 9. HP: 65/65 MP: 9/9
  6368 | D:6      | Identified the +6 sling of Agony {freeze, rPois Str-4 Int-2
                  | Dex+8}
  6529 | D:6      | Noticed Menkaure
  6535 | D:6      | Killed Menkaure
  6670 | D:6      | Reached skill level 5 in Fighting
  6890 | D:6      | Reached skill level 5 in Maces & Flails
  7491 | D:7      | Noticed Duvessa
  7493 | D:7      | Noticed Dowan
  7494 | D:7      | Duvessa changed into Duvessa the killer bee
  7494 | D:7      | Noticed Duvessa
  7497 | D:7      | Killed Duvessa the killer bee
  7508 | D:7      | Killed Dowan
  7919 | D:7      | Noticed Jeremiah
  7941 | D:7      | HP: 2/68 [Jeremiah/divine providence (13)]
  7950 | D:7      | Killed from afar by Jeremiah

Illustrated notes

Levels and vault maps discovered:
D:1:      dpeg_arrival_solitude, layout_basic, minmay_splitting_lines
D:2:      layout_loops_ring, minmay_gold_behind_fungi
D:3:      layout_basic, minmay_overflow_temple_star_hex
D:4:      layout_basic, nicolae_ossuary_entry_giza, uniq_sigmund
D:5:      layout_basic, temple_fountains
D:6:      layout_layer_cave, uniq_menkaure
D:7:      layout_cave_pods, uniq_jeremiah, uniq_duvessa
Temple:   hellmonk_temple_forest_ring

Skill      XL: |  1  2  3  4  5  6  7  8  9 |
---------------+----------------------------+-----
Evocations     | 6 7 8 9 10 | 10.0
Maces & Flails | 3 6 |  6.0
Armour         | 3 |  3.2
Dodging        | 3 |  3.2
Fighting       | 5 |  5.0
Stealth        | |  1.0

Action                     |  1- 3 |  4- 6 |  7- 9 || total
---------------------------+-------+-------+-------++-------
  Melee: Club              |    13 |       |       ||    13
         Dagger            |   101 |    21 |    87 ||   209
         Punch             |     1 |       |     5 ||     6
         Spear             |       |    63 |    67 ||   130
         Headbutt          |       |       |    53 ||    53
         Mace              |       |       |   143 ||   143
   Fire: Sling             |       |       |    25 ||    25
  Evoke: Wand              |     3 |    10 |    11 ||    24
    Use: Scroll            |     2 |     4 |     8 ||    14
         Potion            |       |     6 |     1 ||     7
   Stab: Sleeping          |     2 |     2 |     7 ||    11
 Armour: Leather armour    |    67 |    38 |   172 ||   277
         Skin              |       |    77 |    35 ||   112
  Dodge: Dodged            |    64 |    29 |   170 ||   263

Table legend: (Time is in decaauts)
 A = Elapsed time spent in this place.
 B = Non-inter-level travel time spent in this place.
 C = Inter-level travel time spent in this place.
 D = Time resting spent in this place.
 E = Time spent auto-exploring this place.
 F = Levels seen in this place.
 G = Mean time per level.
                   A        B        C        D        E       F      G
               +--------+--------+--------+--------+--------+-----+--------+
         Total |   8003 |   7822 |    181 |    827 |   5081 |   9 |  889.2 |
       Dungeon |   7038 |   6871 |    167 |    495 |   4771 |   7 | 1005.4 |
        Temple |     72 |     58 |     14 |      0 |      0 |   1 |   72.0 |
       Ossuary |    892 |    892 |      0 |    332 |    310 |   1 |  892.0 |
               +--------+--------+--------+--------+--------+-----+--------+

Top non-repeatable levels by time:
     D:6: 1344 daAuts
     D:4: 1280 daAuts
     D:5: 1066 daAuts
     D:1: 1025 daAuts
     D:3: 950 daAuts
     D:2: 906 daAuts
 Ossuary: 892 daAuts
     D:7: 464 daAuts
  Temple: 72 daAuts
